 Dungeon Crawl Stone Soup version 0.32-a0-932-g546787307d (webtiles) character file.

Game seed: 12589867110973579237

1229 jotaen the Spear-Bearer (level 8, -2/51 (63) HPs)
             Began as a Minotaur Fighter on Apr 14, 2024.
             Was a Believer of Okawaru.
             Slain by Jeremiah
             ... wielding a +4 trident of draining
              (7 damage)
             ... on level 6 of the Dungeon.
             The game lasted 00:11:54 (5233 turns).

jotaen the Spear-Bearer (Minotaur Fighter)          Turns: 5233, Time: 00:11:54

HP:   -2/51 (63)    AC:  5    Str: 22    XL:     8   Next: 24%
MP:   7/7           EV: 10    Int:  5    God:    Okawaru [**....]
Gold: 544           SH:  9    Dex: 14    Spells: 7/7 levels left

rFire   + . .        a - +1 trident
rCold   . . .        p - +0 kite shield
rNeg    . . .        m - +2 robe of Xecvunag {rF+ Dex+3 Slay+3}
rPois   +            (helmet restricted)
rElec   .            (no cloak)
rCorr   .            (no gloves)
SInv    .            e - +0 pair of boots
Will    +....        (no amulet)
Stlth   ++           f - +4 ring of slaying
HPRegen 0.28/turn    b - ring of willpower
MPRegen 0.10/turn

%: no passive effects
@: heavily drained
A: horns 2, retaliatory headbutt, frail 1, sense surroundings 1, poison
resistance, devolution 1
a: Renounce Religion, Heroism


You were on level 6 of the Dungeon.
You worshipped Okawaru.
Okawaru was pleased with you.
You visited 2 branches of the dungeon, and saw 7 of its levels.
You also visited: Ossuary.

You collected 544 gold pieces.

Inventory:

Hand Weapons
 a - a +1 trident (weapon)
Missiles
 j - 5 javelins (quivered)
Armour
 e - a +0 pair of boots (worn)
 m - the +2 robe of Xecvunag (worn) {rF+ Dex+3 Slay+3}
   (You found it on level 3 of the Dungeon)

   Dex+3:     It affects your dexterity (+3).
   Slay+3:    It affects your accuracy & damage with ranged weapons and melee
   (+3).
   rF+:       It protects you from fire.
 p - a +0 kite shield (worn)
Jewellery
 b - a ring of willpower (right hand)
 f - a +4 ring of slaying (left hand)
 u - a ring of protection from fire
 v - a ring of see invisible
Wands
 c - a wand of iceblast (9)
Scrolls
 g - a scroll of enchant armour {unknown}
 h - 2 scrolls of revelation
 q - 2 scrolls of teleportation
 s - a scroll of fear
 t - a scroll of poison
Potions
 d - a potion of might
 i - a potion of lignification
 k - 4 potions of curing {unknown}
 l - 4 potions of brilliance {unknown}
 n - 2 potions of enlightenment {unknown}
 o - a potion of heal wounds {unknown}
 r - a potion of haste {unknown}


   Skills:
 + Level 6.0 Fighting
 + Level 8.3 Polearms
 + Level 1.5 Throwing
 + Level 4.2 Armour
 + Level 2.3 Dodging
 + Level 3.1 Stealth
 + Level 5.2 Shields


You had 7 spell levels left.
You didn't know any spells.
Your spell library contained the following spells:

 Spells                   Type           Power      Damage    Failure   Level
 Magic Dart               Conj           0%         1d3       75%         1
 Blink                    Tloc           0%         N/A       86%         2
 Lesser Beckoning         Tloc           0%         N/A       86%         2
 Dazzling Flash           Conj/Hex       0%         N/A       98%         3
 Maxwell's Portable Pile  Tloc           0%         2d(5-13)  98%         3
 Mephitic Cloud           Conj/Alch/Air  0%         N/A       98%         3
 Teleport Other           Tloc           0%         N/A       98%         3
 Curse of Agony           Necr           0%         N/A       100%        5
 Silence                  Hex/Air        0%         N/A       100%        5
 Call Imp                 Summ           Unusable   N/A       N/A         2

Dungeon Overview and Level Annotations

Branches:
Dungeon (6/15)             Temple (1/1) D:4         Ossuary (visited)

Altars:
Ashenzari
Dithmenos
Elyvilon
Fedhas
Gozag
Kikubaaqudgha
Nemelex Xobeh
Okawaru
Qazlal
Ru
Sif Muna
Trog
Vehumet
Wu Jian
Xom
Yredelemnul
Zin
The Shining One

Shops:
D:4 :   D:5 *

Annotations:
D:6 Jeremiah


Innate Abilities, Weirdness & Mutations

You have a pair of horns on your head.
You reflexively headbutt those who attack you in melee.
You are frail. (-10% HP)
You passively map a small area around you.
Your system is resistant to poisons. (rPois)
You have hidden genetic defects.


Message History

You puncture the butterfly!
You kill the butterfly!
The butterfly disappears in a burst of colours!
Jeremiah hops!
You closely miss the butterfly. You puncture the butterfly!
You kill the butterfly!
The butterfly disappears in a burst of colours!
The butterfly disappears in a burst of colours!
Jeremiah hits you from afar with a +4 trident of draining!
You feel drained.
You puncture the butterfly!
You kill the butterfly!
The butterfly disappears in a burst of colours! x3
Jeremiah hits you from afar with a +4 trident of draining.
You feel drained.
You miss the butterfly. Your headbutt misses the butterfly.
Jeremiah hops!
The butterfly disappears in a burst of colours!
Things that are here:
a +0 giant club; an ogre corpse The butterfly disappears in a burst of colours!
Jeremiah hits you from afar with a +4 trident of draining.
You feel drained.
You barely miss the butterfly.
The butterfly disappears in a burst of colours!
Jeremiah hits you from afar with a +4 trident of draining!
You feel drained.
* * * LOW HITPOINT WARNING * * *
You closely miss the butterfly.
Jeremiah lets out a twisted cry.
Something smites you!
* * * LOW HITPOINT WARNING * * *
The butterfly disappears in a burst of colours! x2
You block Jeremiah's attack.
You puncture the butterfly!
You kill the butterfly!
The butterfly disappears in a burst of colours!
Jeremiah hits you with a +4 trident of draining!
You die...
Jeremiah wails, "I didn't mean to kill anyone!
I'm not a murderer!"

######### ##...#....
#....#....
#....#..<.
#....#.... #####
#####..##....
#...###..##..#.....
#..b)........#.....
#F@bbbb....b.#.....
#bb.bbbbbb...#.....
#..b.b.......#.....
##'####.b....#.....
#....#########.....
#....#.............
#....#.............
#....'>............
*#+####.............


You could see Jeremiah.

Vanquished Creatures
  A water moccasin (D:5)
  4 ogres
  2 centaurs (D:5)
  A phantom (D:5)
  A bombardier beetle (D:5)
  2 hounds (D:5)
  A jelly (D:4)
  2 iguanas
  4 orc wizards
  8 mummies (Ossuary)
  8 adders
  A shadow imp (D:6)
  2 ufetubi (D:4)
  2 dart slugs
  6 orcs
  6 endoplasms
  2 giant cockroaches
  2 gnoll zombies (Ossuary)
  7 goblins
  8 hobgoblins
  10 jackals
  7 kobolds
  2 quokkas (D:2)
  10 ball pythons
  3 bats
  A frilled lizard (D:1)
  2 hobgoblin zombies (Ossuary)
  2 kobold zombies (Ossuary)
  2 orc zombies (Ossuary)
  4 rats
113 creatures vanquished.

Notes
Turn   | Place    | Note
-------+----------+-------------------------------------------
     0 | D:1      | jotaen the Minotaur Fighter began the quest for the Orb.
     0 | D:1      | Reached XP level 1. HP: 19/19 MP: 0/0
   158 | D:1      | Reached XP level 2. HP: 20/27 MP: 1/1
   777 | D:2      | Reached XP level 3. HP: 33/33 MP: 2/2
  1577 | D:3      | Identified the +2 robe of Xecvunag {rF+ Dex+3 Slay+3}
  1629 | D:3      | Found an ornate altar of the Wu Jian Council.
  1654 | D:3      | Found a stormy altar of Qazlal.
  1744 | D:3      | Reached skill level 3 in Polearms
  1744 | D:3      | Reached XP level 4. HP: 41/41 MP: 3/3
  2076 | D:3      | Found an ancient bone altar of Kikubaaqudgha.
  2207 | D:4      | Found a sand-covered staircase.
  2214 | Ossuary  | Entered an ossuary
  2237 | Ossuary  | Reached skill level 4 in Polearms
  2240 | Ossuary  | Reached XP level 5. HP: 15/47 MP: 4/4
  2372 | Ossuary  | Reached skill level 5 in Fighting
  2379 | Ossuary  | Reached skill level 1 in Stealth
  2536 | D:4      | Reached skill level 5 in Polearms
  2612 | D:4      | Reached XP level 6. HP: 39/56 MP: 5/5
  2684 | D:4      | Found a staircase to the Ecumenical Temple.
  2716 | Temple   | Entered the Ecumenical Temple
  2729 | Temple   | Became a worshipper of Warmaster Okawaru
  2926 | D:4      | Found Hikywkosu's Book Boutique.
  2964 | D:4      | Found a bloodstained altar of Trog.
  3015 | D:4      | Identified the +3 buckler of the Tick {+Blink Regen+ Str-3
                  | Dex-5}
  3049 | D:4      | Found a glowing golden altar of the Shining One.
  3403 | D:5      | Entered Level 5 of the Dungeon
  3403 | D:5      | Noticed a water moccasin
  3407 | D:5      | Killed a water moccasin
  3408 | D:5      | Reached skill level 6 in Polearms
  3480 | D:5      | Reached skill level 1 in Dodging
  3480 | D:5      | Reached XP level 7. HP: 15/61 MP: 6/6
  3716 | D:5      | Reached * piety under Okawaru
  3717 | D:5      | Reached skill level 7 in Polearms
  3717 | D:5      | Reached skill level 1 in Throwing
  3870 | D:5      | Gained mutation: Your flesh is cold resistant. (rC+)
                  | [potion of mutation]
  3870 | D:5      | Gained mutation: You have an increased reservoir of magic.
                  | (+10% MP) [potion of mutation]
  3871 | D:5      | Lost mutation: You have an increased reservoir of magic.
                  | (+10% MP) [potion of mutation]
  3871 | D:5      | Lost mutation: Your flesh is cold resistant. (rC+) [potion
                  | of mutation]
  3871 | D:5      | Gained mutation: Your body sometimes deteriorates upon
                  | taking damage. [potion of mutation]
  3871 | D:5      | Gained mutation: You are weak. (Str -2) [potion of
                  | mutation]
  3871 | D:5      | Gained mutation: A frigid envelope surrounds you and
                  | freezes all who hurt you. [potion of mutation]
  3872 | D:5      | Lost mutation: Your body sometimes deteriorates upon taking
                  | damage. [potion of mutation]
  3872 | D:5      | Lost mutation: A frigid envelope surrounds you and freezes
                  | all who hurt you. [potion of mutation]
  3872 | D:5      | Lost mutation: You are weak. (Str -2) [potion of mutation]
  3872 | D:5      | Gained mutation: You are weak. (Str -2) [potion of
                  | mutation]
  3872 | D:5      | Gained mutation: You have hidden genetic defects. [potion
                  | of mutation]
  4050 | D:5      | Found Foixagia's General Store.
  4060 | D:5      | Reached skill level 8 in Polearms
  4060 | D:5      | Reached skill level 5 in Shields
  4060 | D:5      | Reached XP level 8. HP: 66/70 MP: 7/7
  4411 | D:5      | Gained mutation: Armour fits poorly on your strangely
                  | shaped body. [hidden defects]
  4466 | D:5      | Lost mutation: Armour fits poorly on your strangely shaped
                  | body. [potion of mutation]
  4466 | D:5      | Lost mutation: You are weak. (Str -2) [potion of mutation]
  4466 | D:5      | Gained mutation: You passively map a small area around you.
                  | [potion of mutation]
  4466 | D:5      | Gained mutation: Your system is resistant to poisons.
                  | (rPois) [potion of mutation]
  4466 | D:5      | Gained mutation: You are frail. (-10% HP) [potion of
                  | mutation]
  5053 | D:6      | Noticed Jeremiah
  5205 | D:6      | Reached ** piety under Okawaru
  5233 | D:6      | Slain by Jeremiah

Illustrated notes

Levels and vault maps discovered:
D:1:      lemuel_arrival_hallway, layout_basic, grunt_decor_junction
D:2:      layout_basic, ebering_dispersal_statue_hall
D:3:      layout_basic, mainiacjoe_overflow_cross_hatched,
          mainiacjoe_overflow_brackets, nicolae_wu_jian_immortal_techniques
D:4:      layout_basic, trog_three_pillars_becter, amcnicky_altar_gilded,
          temple_pool_b, serial_shops, shop, enter_ossuary_1
D:5:      layout_layer_cave, serial_shops, nicolae_take_the_stairs
D:6:      layout_gridville, beargit_hepliaklqana_dungeon_heroes, serial_shops,
          nicolae_shop_hallway_plus, portal_sewer_entry_b, uniq_jeremiah
Temple:   nicolae_temple_bog_church

Skill      XL: |  1  2  3  4  5  6  7  8 |
---------------+-------------------------+-----
Fighting       | 4 5 6 |  6.0
Shields        | 4 5 |  5.2
Armour         | 4 |  4.2
Polearms       | 3 4 5 6 8 |  8.3
Stealth        | 1 2 3 |  3.1
Dodging        | 1 2 |  2.3
Throwing       | 1 |  1.5

Action                     |  1- 3 |  4- 6 |  7- 9 || total
---------------------------+-------+-------+-------++-------
  Melee: Trident           |    84 |    88 |    73 ||   245
         Headbutt          |    10 |     8 |    10 ||    28
  Throw: Javelin           |     3 |     8 |       ||    11
    Use: Scroll            |     6 |     5 |     2 ||    13
         Potion            |       |       |     4 ||     4
   Stab: Sleeping          |       |     5 |     2 ||     7
 Armour: Scale mail        |    32 |       |       ||    32
         Robe              |     5 |    42 |    24 ||    71
  Dodge: Dodged            |    21 |    31 |    11 ||    63
  Block: Buckler           |    11 |     9 |       ||    20
         Kite shield       |       |    11 |    18 ||    29

Table legend: (Time is in decaauts)
 A = Elapsed time spent in this place.
 B = Non-inter-level travel time spent in this place.
 C = Inter-level travel time spent in this place.
 D = Time resting spent in this place.
 E = Time spent auto-exploring this place.
 F = Levels seen in this place.
 G = Mean time per level.
                   A        B        C        D        E       F      G
               +--------+--------+--------+--------+--------+-----+--------+
         Total |   5268 |   5126 |    142 |    153 |   4043 |   8 |  658.5 |
       Dungeon |   4934 |   4814 |    120 |    153 |   3818 |   6 |  822.3 |
        Temple |     26 |      4 |     22 |      0 |      0 |   1 |   26.0 |
       Ossuary |    308 |    308 |      0 |      0 |    225 |   1 |  308.0 |
               +--------+--------+--------+--------+--------+-----+--------+

Top non-repeatable levels by time:
     D:5: 1638 daAuts
     D:4: 884 daAuts
     D:2: 877 daAuts
     D:1: 691 daAuts
     D:3: 642 daAuts
 Ossuary: 308 daAuts
     D:6: 199 daAuts
  Temple: 26 daAuts
